PUB
SEATTLE RAINIERS @ STOCKTON 209
04/30/1972
 
TOP OF THE 1ST
Seattle Rainiers batting - Pitching for Stockton 209 : RHP Millard Olson
Pitching: RHP Millard Olson
Batting: RHB Jon Daniels 0-0: Ball
1-0: Called Strike
1-1: Ball
2-1: Ball
3-1: Foul Ball, location: 25F
3-2: Base on Balls
Batting: LHB Ricardo Castro 0-0: Called Strike
0-1: Ball
1-1: Swinging Strike
1-2: Foul Ball, location: 3F
1-2: Strikes out looking
Batting: SHB Raúl Díaz 0-0: Called Strike
0-1: Ball
1-1: Ball
2-1: Foul Ball, location: 9LSF
2-2: Strikes out looking
Batting: LHB Ralph Boardman 0-0: Foul Ball, location: 3F
0-1: Swinging Strike
0-2: Ball
1-2: SINGLE (Flyball, 56D, EV 85.0 MPH)
Jon Daniels to second
Batting: RHB Ron Santo 0-0: Called Strike
0-1: SINGLE (Flyball, 89S, EV 93.1 MPH)
Jon Daniels to third
Ralph Boardman to second
Runner from 3rd tries for Home, SAFE, throw by RF to home
Batting: RHB Aaron Andrews 0-0: Swinging Strike
0-1: Swinging Strike
0-2: Strikes out swinging
Top of the 1st over - 1 run, 2 hits, 0 errors, 2 left on base; Seattle 1 - Stockton 0
BOTTOM OF THE 1ST
Stockton 209 batting - Pitching for Seattle Rainiers : RHP Bret Ballard
Pitching: RHP Bret Ballard
Batting: SHB Reggie Smith 0-0: Called Strike
0-1: Called Strike
0-2: Strikes out looking
Batting: LHB Toyotomi Matsumoto 0-0: Swinging Strike
0-1: Ball
1-1: Called Strike
1-2: Ground out U3 (Groundball, 3L, EV 85.6 MPH)
Batting: RHB Paco Ortega 0-0: Ball
1-0: Ball
2-0: Called Strike
2-1: Foul Ball, location: 25F
2-2: Strikes out looking
Bottom of the 1st over - 0 runs, 0 hits, 0 errors, 0 left on base; Seattle 1 - Stockton 0
TOP OF THE 2ND
Seattle Rainiers batting - Pitching for Stockton 209 : RHP Millard Olson
Batting: LHB Tom Haller 0-0: Foul Ball, location: 3DF
0-1: Ground out 5-3 (Groundball, 56, EV 103.8 MPH)
Batting: LHB Leland Pearson 0-0: Ball
1-0: SINGLE (Groundball, 6MD, EV 105.6 MPH)
Batting: SHB Bret Ballard 0-0: Bunted foul
0-1: Sac Bunt to 15 - play at first, batter OUT! 1-3
Leland Pearson to second
Batting: RHB Jon Daniels 0-0: Called Strike
0-1: Ball
1-1: Foul Ball, location: 9LDF
1-2: Ball
2-2: Strikes out swinging
Top of the 2nd over - 0 runs, 1 hit, 0 errors, 1 left on base; Seattle 1 - Stockton 0
BOTTOM OF THE 2ND
Stockton 209 batting - Pitching for Seattle Rainiers : RHP Bret Ballard
Batting: RHB Roberto Hernández 0-0: Called Strike
0-1: Foul Ball, location: 5F
0-2: Ball
1-2: Ball
2-2: Foul Ball, location: 9LMF
2-2: Ball
3-2: Strikes out swinging
Batting: SHB Peter Holt 0-0: Called Strike
0-1: SINGLE (Line Drive, 6MD, EV 95.0 MPH)
Batting: SHB William Cameron 0-0: Ball
1-0: Fly out, F5 (Line Drive, 5, EV 68.1 MPH)
Lined into DP, 5-3 (Line Drive, 5, EV 68.1 MPH)
Bottom of the 2nd over - 0 runs, 1 hit, 0 errors, 0 left on base; Seattle 1 - Stockton 0
TOP OF THE 3RD
Seattle Rainiers batting - Pitching for Stockton 209 : RHP Millard Olson
Batting: LHB Ricardo Castro 0-0: Ball
1-0: Called Strike
1-1: Ground out 4-3 (Groundball, 4, EV 86.9 MPH)
Batting: SHB Raúl Díaz 0-0: Ball
1-0: Swinging Strike
1-1: Ball
2-1: Ball
3-1: Swinging Strike
3-2: Strikes out swinging, 2-3 out at first.
Batting: LHB Ralph Boardman 0-0: Foul Ball, location: 3F
0-1: Foul Ball, location: 2RF
0-2: Ball
1-2: Ball
2-2: Foul Ball, location: 2F
2-2: Strikes out swinging
Top of the 3rd over - 0 runs, 0 hits, 0 errors, 0 left on base; Seattle 1 - Stockton 0
BOTTOM OF THE 3RD
Stockton 209 batting - Pitching for Seattle Rainiers : RHP Bret Ballard
Batting: RHB Sal Bando 0-0: Ball
1-0: Called Strike
1-1: Swinging Strike
1-2: Ball
2-2: Foul Ball, location: 9LMFF
2-2: Fly out, F7 (Line Drive, 78M, EV 95.0 MPH)
Batting: RHB Cam Carreon 0-0: Foul Ball, location: 2F
0-1: Ball
1-1: Ball
2-1: Called Strike
2-2: Foul Ball, location: 2F
2-2: Fly out, F8 (Flyball, 8LD, EV 96.9 MPH)
Batting: RHB Millard Olson 0-0: Called Strike
0-1: Swinging Strike
0-2: Strikes out looking
Bottom of the 3rd over - 0 runs, 0 hits, 0 errors, 0 left on base; Seattle 1 - Stockton 0
TOP OF THE 4TH
Seattle Rainiers batting - Pitching for Stockton 209 : RHP Millard Olson
Batting: RHB Ron Santo 0-0: Called Strike
0-1: Ball
1-1: Called Strike
1-2: Strikes out looking
Batting: RHB Aaron Andrews 0-0: Swinging Strike
0-1: Ball
1-1: Ball
2-1: Ball
3-1: Called Strike
3-2: Base on Balls
Batting: LHB Tom Haller 0-0: Swinging Strike
0-1: Called Strike
0-2: Strikes out swinging
Batting: LHB Leland Pearson 0-0: Called Strike
0-1: Ball
1-1: Swinging Strike
1-2: Strikes out swinging
Top of the 4th over - 0 runs, 0 hits, 0 errors, 1 left on base; Seattle 1 - Stockton 0
BOTTOM OF THE 4TH
Stockton 209 batting - Pitching for Seattle Rainiers : RHP Bret Ballard
Batting: SHB Reggie Smith 0-0: Foul Ball, location: 23F
0-1: Ball
1-1: Ball
2-1: Ground out 6-3 (Groundball, 6, EV 91.3 MPH)
Batting: LHB Toyotomi Matsumoto 0-0: Called Strike
0-1: Ball
1-1: Swinging Strike
1-2: Foul Ball, location: 5FF
1-2: Ground out 3-1 (Groundball, 34S, EV 86.3 MPH)
Batting: RHB Paco Ortega 0-0: Ball
1-0: Foul Ball, location: 2F
1-1: Ball
2-1: Ball
3-1: Called Strike
3-2: Base on Balls
Batting: RHB Roberto Hernández 0-0: Called Strike
0-1: Foul Ball, location: 2F
0-2: Ball
1-2: Foul Ball, location: 5FF
1-2: Strikes out looking
Bottom of the 4th over - 0 runs, 0 hits, 0 errors, 1 left on base; Seattle 1 - Stockton 0
TOP OF THE 5TH
Seattle Rainiers batting - Pitching for Stockton 209 : RHP Millard Olson
Batting: SHB Bret Ballard 0-0: Ball
1-0: Ground out 5-3 (Groundball, 56, EV 79.4 MPH)
Batting: RHB Jon Daniels 0-0: Called Strike
0-1: Foul Ball, location: 5FF
0-2: SINGLE (Line Drive, 7S, EV 98.1 MPH)
Batting: LHB Ricardo Castro 0-0: Ball
1-0: Swinging Strike
1-1: Foul Ball, location: 7LMFF
1-2: Grounds into double play, 4-6-3 (Groundball, 4, EV 101.9 MPH)
Top of the 5th over - 0 runs, 1 hit, 0 errors, 0 left on base; Seattle 1 - Stockton 0
BOTTOM OF THE 5TH
Stockton 209 batting - Pitching for Seattle Rainiers : RHP Bret Ballard
Batting: SHB Peter Holt 0-0: Ground out 2-3 (Groundball, 15S, EV 72.5 MPH)
Batting: SHB William Cameron 0-0: Ball
1-0: Called Strike
1-1: Foul Ball, location: 3F
1-2: Strikes out swinging
Batting: RHB Sal Bando 0-0: Foul Ball, location: 2F
0-1: Ball
1-1: Ball
2-1: Ball
3-1: Swinging Strike
3-2: Foul Ball, location: 2F
3-2: Ground out 5-3 (Groundball, 56S, EV 69.4 MPH)
Bottom of the 5th over - 0 runs, 0 hits, 0 errors, 0 left on base; Seattle 1 - Stockton 0
TOP OF THE 6TH
Seattle Rainiers batting - Pitching for Stockton 209 : RHP Millard Olson
Batting: SHB Raúl Díaz 0-0: Called Strike
0-1: Called Strike
0-2: Fly out, F8 (Flyball, 8LM, EV 91.9 MPH)
Batting: LHB Ralph Boardman 0-0: Ball
1-0: Foul Ball, location: 7LSF
1-1: Foul Ball, location: 23F
1-2: SOLO HOME RUN (Flyball, 7D, EV 94.4 MPH), Distance : 382 ft
Batting: RHB Ron Santo 0-0: Ball
1-0: Foul Ball, location: 3SF
1-1: Fly out, F8 (Line Drive, 8RD, EV 88.8 MPH)
Batting: RHB Aaron Andrews 0-0: Ball
1-0: Called Strike
1-1: Foul Ball, location: 2F
1-2: Ball
2-2: SINGLE (Line Drive, 34, EV 94.4 MPH)
Batting: LHB Tom Haller 0-0: Called Strike
Aaron Andrews is caught stealing 2nd base 2-6
Top of the 6th over - 1 run, 2 hits, 0 errors, 0 left on base; Seattle 2 - Stockton 0
BOTTOM OF THE 6TH
Stockton 209 batting - Pitching for Seattle Rainiers : RHP Bret Ballard
Batting: RHB Cam Carreon 0-0: Fly out, F8 (Flyball, 8RD, EV 77.5 MPH)
Pinch Hitting: LHB Graig Nettles 0-0: Swinging Strike
0-1: Ball
1-1: Called Strike
1-2: Foul Ball, location: 3F
1-2: Strikes out looking
Batting: SHB Reggie Smith 0-0: Foul Ball, location: 3F
0-1: Ball
1-1: Ball
2-1: Called Strike
2-2: SINGLE (Groundball, 6M, EV 103.8 MPH)
Batting: LHB Toyotomi Matsumoto 0-0: Ball
1-0: Fly out, F8 (Line Drive, 8LS, EV 98.8 MPH)
Bottom of the 6th over - 0 runs, 1 hit, 0 errors, 1 left on base; Seattle 2 - Stockton 0
TOP OF THE 7TH
Seattle Rainiers batting - Pitching for Stockton 209 : RHP Millard Olson
Pitching: RHP Hidetada Kitakawa
Batting: LHB Tom Haller 0-0: Fly out, F9 (Flyball, 89M, EV 89.4 MPH)
Batting: LHB Leland Pearson 0-0: Ball
1-0: Called Strike
1-1: Swinging Strike
1-2: Ball
2-2: Ground out 4-3 (Groundball, 4D, EV 83.8 MPH)
Batting: SHB Bret Ballard 0-0: Foul Ball, location: 5F
0-1: Swinging Strike
0-2: Foul Ball, location: 3F
0-2: Foul Ball, location: 2F
0-2: Ball
1-2: Strikes out swinging
Top of the 7th over - 0 runs, 0 hits, 0 errors, 0 left on base; Seattle 2 - Stockton 0
BOTTOM OF THE 7TH
Stockton 209 batting - Pitching for Seattle Rainiers : RHP Bret Ballard
Now at 2B: Leland Pearson
Now at SS: Ted Kern
Batting: RHB Paco Ortega 0-0: Ball
1-0: Ball
2-0: Foul Ball, location: 9LMF
2-1: Ball
3-1: Called Strike
3-2: SOLO HOME RUN (Flyball, 7D, EV 103.1 MPH), Distance : 385 ft
Batting: RHB Roberto Hernández 0-0: Called Strike
0-1: Ball
1-1: Ball
2-1: Ball
3-1: SINGLE (Groundball, 34D, EV 101.3 MPH)
Batting: SHB Peter Holt 0-0: Swinging Strike
0-1: Called Strike
0-2: Ball
1-2: Foul Ball, location: 25F
1-2: Foul Ball, location: 2F
1-2: Ball
2-2: Foul Ball, location: 2F
2-2: Foul Ball, location: 3F
2-2: Strikes out swinging
Batting: SHB William Cameron 0-0: Grounds into double play, U6-3 (Groundball, 4M, EV 88.8 MPH)
Bottom of the 7th over - 1 run, 2 hits, 0 errors, 0 left on base; Seattle 2 - Stockton 1
TOP OF THE 8TH
Seattle Rainiers batting - Pitching for Stockton 209 : RHP Hidetada Kitakawa
Batting: RHB Jon Daniels 0-0: DOUBLE (Line Drive, 9LM, EV 110.0 MPH)
Batting: LHB Ricardo Castro 0-0: SINGLE (Line Drive, 8LS, EV 99.4 MPH)
Jon Daniels to third
Batting: SHB Raúl Díaz 0-0: Ball
1-0: Ball
2-0: Called Strike
2-1: Ball
3-1: Fielders Choice at home, 4-2 (Groundball, 4S, EV 86.3 MPH)
Ricardo Castro to second
Batting: LHB Ralph Boardman 0-0: Ball
1-0: Fly out, F9 (Flyball, 89M, EV 80.6 MPH)
Batting: RHB Ron Santo 0-0: Ball
1-0: Ball
2-0: Fielders Choice at 2nd, 6-4 (Groundball, 6, EV 108.8 MPH)
Top of the 8th over - 0 runs, 2 hits, 0 errors, 2 left on base; Seattle 2 - Stockton 1
BOTTOM OF THE 8TH
Stockton 209 batting - Pitching for Seattle Rainiers : RHP Bret Ballard
Now at 1B: Chris Chambliss
Now in RF: Buddy Bell
Pinch Hitting: LHB Royce Martin 0-0: Foul Ball, location: 3FF
0-1: Ball
1-1: Called Strike
1-2: Fly out, F8 (Flyball, 8LXD, EV 102.5 MPH)
Pitching: LHP Masanori Murakami
Batting: RHB Cam Carreon 0-0: Ball
1-0: Foul Ball, location: 23FF
1-1: Ball
2-1: Fly out, F8 (Flyball, 8RD, EV 90.0 MPH)
Pinch Hitting: RHB Tom Baird 0-0: Called Strike
0-1: Swinging Strike
0-2: Ball
1-2: Foul Ball, location: 2F
1-2: Foul Ball, location: 7LSF
1-2: Ball
2-2: Strikes out looking
Bottom of the 8th over - 0 runs, 0 hits, 0 errors, 0 left on base; Seattle 2 - Stockton 1
TOP OF THE 9TH
Seattle Rainiers batting - Pitching for Stockton 209 : RHP Hidetada Kitakawa
Pitching: LHP James Lund
Now at 1B: Tom Baird
Batting: LHB Ted Kern 0-0: Called Strike
0-1: Ball
1-1: Ball
2-1: Fly out, F1 (Popup, P, EV 76.9 MPH)
Batting: LHB Tom Haller 0-0: Ball
1-0: Fly out, F7 (Flyball, 78S, EV 92.5 MPH)
Batting: LHB Leland Pearson 0-0: Called Strike
0-1: Ball
1-1: Fly out, F9 (Line Drive, 9LS, EV 90.6 MPH)
Top of the 9th over - 0 runs, 0 hits, 0 errors, 0 left on base; Seattle 2 - Stockton 1
BOTTOM OF THE 9TH
Stockton 209 batting - Pitching for Seattle Rainiers : LHP Masanori Murakami
Batting: SHB Reggie Smith 0-0: Fly out, F2 (Popup, 15S, EV 78.8 MPH)
Batting: LHB Toyotomi Matsumoto 0-0: Ball
1-0: Ball
2-0: Ball
3-0: Called Strike
3-1: Fly out, F8 (Flyball, 8RXD, EV 108.8 MPH)
Batting: RHB Paco Ortega 0-0: Ball
1-0: Called Strike
1-1: Ball
2-1: Ball
3-1: Base on Balls
Batting: RHB Roberto Hernández 0-0: Called Strike
0-1: Ball
1-1: Called Strike
1-2: Strikes out swinging
Bottom of the 9th over - 0 runs, 0 hits, 0 errors, 1 left on base; Seattle 2 - Stockton 1
Monday, March 4th , 2024 - OOTP Baseball 24.8 Build 75